 Dungeon Crawl Stone Soup version 0.25.0-10-g039870ee82 (webtiles) character file.

Game seed: 15729323943797397522

16 DeadF the Sneak (level 2, 0/11 HPs)
             Began as a Felid Enchanter on June 22, 2020.
             Slain by a jackal (3 damage)
             ... on level 1 of the Dungeon.
             The game lasted 00:01:26 (895 turns).

DeadF the Sneak (Felid Enchanter)                    Turns: 895, Time: 00:01:26

Health: 0/11       AC:  1    Str:  4    XL:     2   Next: 41%
Magic:  6/6        EV: 19    Int: 16    God:
Gold:   22         SH:  0    Dex: 16    Spells: 4/5 levels left
                                        Lives:  0   Deaths: 0

rFire    . . .     SeeInvis +     - Unarmed
rCold    . . .     Gourm    .   (shield unavailable)
rNeg     . . .     Faith    .   (armour unavailable)
rPois    .         Spirit   .   (helmet unavailable)
rElec    .         Reflect  .   (cloak unavailable)
rCorr    .         Harm     .   (gloves unavailable)
MR       .....                  (boots unavailable)
Stlth    +++.......             (no amulet)
HPRegen  0.03/turn              (no ring)
MPRegen  0.10/turn              (no ring)

@: quick
A: very small, no armour, no weapons or thrown items, stealth, claws 1, fangs 3,
see invisible, carnivore, speed 1, shaggy fur 1, slow metabolism 1, sharp paws
a: no special abilities


You were on level 1 of the Dungeon.
You were completely stuffed.

You visited 1 branch of the dungeon, and saw 2 of its levels.

You collected 22 gold pieces.

Inventory:

Scrolls
 a - 3 scrolls of identify {unknown}
 d - a scroll of random uselessness {unknown}
Potions
 c - a potion of brilliance {unknown}
Comestibles
 b - a ration


   Skills:
 + Level 3.5 Dodging
 + Level 4.7 Stealth
 - Level 1.0 Unarmed Combat
 - Level 2.0 Spellcasting
 - Level 4.4 Hexes


You had 4 spell levels left.
You knew the following spells:

 Your Spells              Type           Power        Failure   Level  Hunger
a - Corona                Hex            ###....      3%          1    #......

Your spell library contained the following spells:

 Spells                   Type           Power        Failure   Level  Hunger
 Confusing Touch          Hex            ###.....     11%         3    ###....
 Tukima's Dance           Hex            ###.....     11%         3    ###....
 Ensorcelled Hibernation  Hex/Ice        #.....       13%         2    ###....
 Dazzling Flash           Conj/Hex       #.....       26%         3    ###....


Dungeon Overview and Level Annotations

Branches:
Dungeon (2/15)

Altars:
Qazlal


Innate Abilities, Weirdness & Mutations

You cannot wear armour.
You are incapable of wielding weapons or throwing items.
Your paws allow you to move quietly. (Stealth)
You have sharp claws.
You have razor-sharp teeth.
You have supernaturally acute eyesight. (SInv)
You are carnivorous and can eat meat at any time.
You cover ground quickly.
You are covered in fur. (AC +1)
You have a slow metabolism.
Your sharp claws are effective at attacking unaware monsters.


Message History

There is a stone staircase leading down here.
Unknown command.
Unknown command.
Unknown command.
Unknown command.
Unknown command.
You completely miss the jackal. Your bite misses the jackal.
The jackal barely misses you. The jackal closely misses you. x2
You closely miss the jackal. Your bite misses the jackal.
The jackal misses you. The jackal completely misses you.
The jackal closely misses you.
You scratch the jackal.
The jackal is almost dead.
The jackal bites you. The jackal closely misses you. x2
You scratch the jackal but do no damage.
The jackal is almost dead.
The jackal misses you. The jackal bites you.
* * * LOW HITPOINT WARNING * * *
The jackal bites you.
You die...

#####
......#########
#.h@h......
#######.... #
... ... ≈ ..


You could see 2 jackals.

Vanquished Creatures
  3 bats (D:2)
  4 goblins
  2 hobgoblins
  3 jackals
  A rat (D:2)
13 creatures vanquished.

Notes
Turn   | Place    | Note
-------+----------+-------------------------------------------
     0 | D:1      | DeadF the Felid Enchanter began the quest for the Orb.
     0 | D:1      | Reached XP level 1. HP: 7/7 MP: 4/4
   157 | D:1      | Reached XP level 2. HP: 9/11 MP: 6/6
   271 | D:2      | Found a stormy altar of Qazlal.
   895 | D:1      | Slain by a jackal

Illustrated notes

Levels and vault maps discovered:
D:1:      enne_arrival_octagon_isle, layout_rooms, minmay_misc_feat_roman,
          serial_bayou_pond_b
D:2:      layout_basic, chequers_serial_rivers_room_a, grunt_decor_resistance,
          nicolae_qazlal_general_emergency

Skill      XL: |  1 |
---------------+----+-----
Dodging        | 3 |  3.5
Stealth        | |  4.7
Unarmed Combat | |  1.0
Spellcasting   | |  2.0
Hexes          | |  4.4

Action                   || total
-------------------------++-------
Melee: Unarmed           ||    65
       Bite              ||     5
 Stab: Sleeping          ||     3
  Eat: Chunk             ||     7
Armor: Skin              ||     4
Dodge: Dodged            ||    83
